 Dungeon Crawl Stone Soup version 0.22-a0-254-gaf95ca0 (webtiles) character file.

53091 stupendous the Fencer (level 15, -3/110 HPs)
             Began as a Formicid Fighter on Mar 5, 2018.
             Was the Champion of Okawaru.
             Slain by a meliai
             ... wielding a +2 hand axe of freezing
              (7 damage)
             ... on level 15 of the Dungeon.
             The game lasted 00:44:04 (20723 turns).

stupendous the Fencer (Formicid Fighter)           Turns: 20723, Time: 00:44:05

Health: -3/110     AC: 22    Str: 22    XL:     15   Next: 8%
Magic:  19/19      EV:  8    Int: 14    God:    Okawaru [******]
Gold:   961        SH: 17    Dex: 14    Spells: 14/14 levels left

rFire    + . .     SeeInvis +   t - +3 scimitar (slice)
rCold    . . .     Gourm    .   k - +0 large shield
rNeg     . . .     Faith    .   r - +6 chain mail of the Unbroken {Int+2}
rPois    .         Spirit   .   (helmet unavailable)
rElec    .         Reflect  .   q - +1 cloak of Udizxegg {rF+ Int+3}
rCorr    +         Harm     .   (no gloves)
MR       ++...                  P - +2 pair of boots {Fly}
Stlth    ..........             E - amulet of the acrobat
HPRegen  0.28/turn              a - ring of resist corrosion
MPRegen  0.16/turn              p - ring of protection from magic

@: flying
A: permanent stasis, dig shafts and tunnels, four strong arms, antennae 3
a: Dig, Shaft Self, Heroism, Finesse, Renounce Religion, Stop Flying


You were on level 15 of the Dungeon.
You worshipped Okawaru.
Okawaru was exalted by your worship.
You were not hungry.

You visited 2 branches of the dungeon, and saw 16 of its levels.
You also visited: Sewer.

You collected 961 gold pieces.

Inventory:

Hand Weapons
 t - a +3 scimitar of slicing (weapon)
 F - the +1 long sword of the Valley of Death {antimagic, +Blink Dex+6}
   (Okawaru gifted it to you on level 12 of the Dungeon)

   It reduces the magical energy of the wielder, and disrupts the spells and
   magical abilities of those hit.
   Natural abilities and divine invocations are not affected.
   It affects your dexterity (+6).
   It lets you blink.
 K - a +3 great sword of holy wrath
Armour
 c - a +1 shield
 k - a +0 large shield (worn)
 q - the +1 cloak of Udizxegg (worn) {rF+ Int+3}
   (You found it on level 13 of the Dungeon)

   It affects your intelligence (+3).
   It protects you from fire.
 r - the +6 chain mail of the Unbroken (worn) {Int+2}
   (Okawaru gifted it to you on level 13 of the Dungeon)

   It affects your intelligence (+2).
 H - a +2 cloak of poison resistance
 L - a +0 plate armour
 P - a +2 pair of boots of flying (worn)
Jewellery
 a - a ring of resist corrosion (left hand)
 j - an uncursed ring of fire
 p - a ring of protection from magic (right hand)
 B - an uncursed ring of flight
 D - an uncursed ring of protection from magic
 E - an amulet of the acrobat (around neck)
Wands
 b - a wand of digging (11)
 g - a wand of enslavement (8)
 m - a wand of random effects (26)
 n - a wand of flame (18)
 v - a wand of clouds (5)
Scrolls
 h - 3 scrolls of fear
 l - 5 scrolls of magic mapping
 u - 8 scrolls of remove curse
 y - 2 scrolls of enchant armour
 z - 2 scrolls of enchant weapon
 C - 5 scrolls of fog
 I - 2 scrolls of identify
 J - a scroll of brand weapon {unknown}
Potions
 d - 5 potions of might
 e - 4 potions of mutation
 i - 3 potions of magic
 o - 2 potions of invisibility
 s - a potion of flight
 w - 4 potions of brilliance
 x - 4 potions of agility
 A - a potion of resistance
 G - a potion of haste {unknown}
 N - a potion of berserk rage {unknown}
Miscellaneous
 O - a phantom mirror
Comestibles
 f - 19 rations
 M - 3 chunks of flesh


   Skills:
 + Level 7.8 Fighting
 + Level 20.1 Long Blades
 + Level 7.8 Armour
 + Level 3.7 Dodging
 + Level 8.1 Shields
 - Level 6.1 Invocations


You had 14 spell levels left.
You didn't know any spells.

Dungeon Overview and Level Annotations

Branches:
Dungeon (15/15)            Temple (1/1) D:5            Lair (0/6) D:8
    Orc (0/2) D:10         Vaults (0/5) D:13
 Depths: D:15

Altars:
Ashenzari
Cheibriados
Dithmenos
Elyvilon
Fedhas
Gozag
Hepliaklqana
Kikubaaqudgha
Makhleb
Nemelex Xobeh
Okawaru
Qazlal
Ru
Sif Muna
Trog
Uskayaw
Vehumet
Wu Jian
Xom
Yredelemnul
Zin
The Shining One

Shops:
D:7 [   D:15 [


Innate Abilities, Weirdness & Mutations

You cannot be hasted, slowed, berserked, paralysed or teleported.
You can dig through walls and to a lower floor.
Your four strong arms can wield two-handed weapons with a shield.
You have a pair of large antennae on your head. (SInv)


Message History

You kill the meliai!
Okawaru accepts your kill.
Your life force feels restored.
You block the meliai's attack.
The meliai stings you but does no damage.
Your chain mail of the Unbroken prevents you from hitting the meliai.
You block the meliai's attack. x2
You slash the meliai!
The meliai is heavily wounded.
The meliai hits you with a hand axe of freezing!
* * * LOW HITPOINT WARNING * * *
The meliai freezes you.
* * * LOW HITPOINT WARNING * * *
You block the meliai's attack.
The meliai hits you with a hand axe of freezing!
* * * LOW HITPOINT WARNING * * *
The meliai freezes you.
* * * LOW HITPOINT WARNING * * *
The meliai stings you!
You die...

#.# #..# #.# #..# #<# #..#
#######.###########..#######
............................
######.).###########........
#...### #..###### #...#y##
#..# #.y..#@# #..# #...####
#..# #...# #..#
#####...###########..#
.....................######
........รท..................
#############..............
#.........)....
#.........<....


You could see a meliai.

Vanquished Creatures
  Rupert (D:12)
  Josephine (D:10)
  A fire dragon (D:11)
  A hydra (D:14)
  8 vault guards (D:13)
  The ghost of atlas1 the Thaumaturge, a journeyman SpEE (D:11)
  2 ogre magi (D:13)
  14 two-headed ogres
  2 tengu warriors
  2 deep troll earth magi (D:13)
  The ghost of avis the Grappler, a novice DrTm of Makhleb (D:9)
  4 skeletal warriors (D:13)
  An unseen horror (D:12)
  2 wizards
  5 harpies (D:14)
  3 ugly things
  2 manticores
  2 deep elf magi
  A wolf spider zombie (D:14)
  A shining eye (shapeshifter) (D:14)
  7 cyclopes
  The ghost of threea the Fighter, a novice GnWn (D:5)
  Psyche (D:8)
  2 centaur skeletons (D:10)
  A guardian serpent (D:12)
  2 kobold demonologists (D:12)
  A redback zombie (D:15)
  4 trolls
  5 meliai
  5 slime creatures
  A hornet (D:13)
  3 hippogriffs
  2 vampires
  A redback (shapeshifter) (D:13)
  4 hogs (D:7)
  A human (D:7)
  A wyvern (D:10)
  3 wraiths (D:10)
  5 yaks (D:12)
  2 hungry ghosts
  5 vampire mosquitoes
  An acid dragon (D:15)
  2 ice beasts
  10 orc warriors
  An eye of draining (D:15)
  2 phantoms
  4 sky beasts
  2 black bears
  2 necrophages
  12 ogres
  A boggart (D:13)
  4 centaurs
  A crocodile (D:13)
  4 big kobolds
  A big kobold (shapeshifter) (D:13)
  5 bullfrogs
  A wyvern zombie (D:10)
  5 gnoll sergeants (D:10)
  A wyvern skeleton (D:13)
  2 scorpions
  11 killer bees
  7 howler monkeys
  20 wights
  2 crimson imps
  A quasit (D:13)
  3 centaur zombies
  8 hounds
  5 jellies
  2 bullfrog skeletons
  3 orc priests
  3 iguanas
  10 orc wizards
  14 worker ants
  A hound skeleton (D:7)
  2 hound zombies
  3 worker ant zombies
  6 adders
  8 gnolls
  4 river rats (Sewer)
  A shadow imp (D:10)
  An ooze (D:3)
  3 adder skeletons (D:7)
  2 worms
  2 dart slugs
  9 leopard geckos
  45 orcs
  8 bats
  6 giant cockroaches
  10 goblins
  8 hobgoblins
  3 jackals (D:4)
  34 kobolds
  3 quokkas
  7 ball pythons
  A ball python skeleton (D:4)
  12 frilled lizards
  3 jackal zombies
  A quokka skeleton (D:9)
  A quokka zombie (D:9)
  10 rats
456 creatures vanquished.

Notes
Turn   | Place    | Note
-------+----------+-------------------------------------------
     0 | D:1      | stupendous the Formicid Fighter began the quest for the Orb.
     0 | D:1      | Reached XP level 1. HP: 18/18 MP: 1/1
    78 | D:1      | Reached XP level 2. HP: 22/24 MP: 2/2
   271 | D:1      | Reached XP level 3. HP: 29/29 MP: 3/3
  1119 | D:2      | Reached XP level 4. HP: 37/37 MP: 4/4
  1649 | D:3      | Found a shadowy altar of Dithmenos.
  2112 | D:3      | Noticed a sky beast
  2122 | D:3      | Killed a sky beast
  2122 | D:3      | Reached skill level 3 in Long Blades
  2122 | D:3      | Reached XP level 5. HP: 34/43 MP: 5/5
  2122 | D:3      | Reached XP level 6. HP: 39/49 MP: 6/6
  2153 | D:3      | Found a snail-covered altar of Cheibriados.
  2153 | D:3      | Found an ornate altar of the Wu Jian Council.
  2327 | D:4      | Reached skill level 5 in Shields
  2957 | D:4      | Found a shattered altar of Ashenzari.
  3410 | D:5      | Entered Level 5 of the Dungeon
  3589 | D:5      | Noticed a phantom
  3596 | D:5      | Noticed threea's ghost (novice GnWn)
  3629 | D:5      | Killed threea's ghost
  3629 | D:5      | Reached skill level 5 in Fighting
  3629 | D:5      | Reached skill level 4 in Long Blades
  3629 | D:5      | Reached skill level 5 in Armour
  3629 | D:5      | Reached XP level 7. HP: 29/56 MP: 7/7
  3637 | D:5      | Reached XP level 8. HP: 34/63 MP: 8/8
  3687 | D:5      | Found a glowing drain.
  3758 | Sewer    | Entered a sewer
  4626 | D:5      | Found a staircase to the Ecumenical Temple.
  4713 | Temple   | Entered the Ecumenical Temple
  4754 | Temple   | Became a worshipper of Warmaster Okawaru
  4991 | D:6      | Reached skill level 5 in Long Blades
  5138 | D:6      | Reached * piety under Okawaru
  5138 | D:6      | Reached skill level 6 in Long Blades
  5386 | D:6      | Reached skill level 7 in Long Blades
  5386 | D:6      | Reached XP level 9. HP: 69/69 MP: 9/9
  5426 | D:6      | Found an opulent altar of Gozag.
  5704 | D:7      | Reached ** piety under Okawaru
  5704 | D:7      | Reached skill level 8 in Long Blades
  5711 | D:7      | Found a glowing silver altar of Zin.
  5718 | D:7      | Found a radiant altar of Vehumet.
  5726 | D:7      | Found a bloodstained altar of Trog.
  5731 | D:7      | Found a stormy altar of Qazlal.
  5820 | D:7      | Reached skill level 9 in Long Blades
  5970 | D:7      | Found Kuliryor's Antique Armour Emporium.
  6023 | D:7      | Reached *** piety under Okawaru
  6023 | D:7      | Reached skill level 10 in Long Blades
  6164 | D:7      | Noticed a hippogriff
  6193 | D:7      | Killed a hippogriff
  6193 | D:7      | Reached XP level 10. HP: 61/76 MP: 10/10
  6263 | D:7      | Reached skill level 11 in Long Blades
  6576 | D:8      | Found a staircase to the Lair.
  6619 | D:8      | Reached **** piety under Okawaru
  6774 | D:8      | Found a basalt altar of Yredelemnul.
  6805 | D:8      | Noticed a two-headed ogre
  6818 | D:8      | Killed a two-headed ogre
  6818 | D:8      | Reached skill level 12 in Long Blades
  7010 | D:8      | Found a white marble altar of Elyvilon.
  7238 | D:8      | Found an iron altar of Okawaru.
  7254 | D:8      | Found a bloodstained altar of Trog.
  7334 | D:9      | Found a hide-covered altar of Uskayaw.
  7412 | D:9      | Noticed avis's ghost (novice DrTm)
  7440 | D:9      | Noticed a two-headed ogre
  7456 | D:9      | HP: 1/76 [two-headed ogre/giant spiked club (25)]
  7459 | D:9      | Killed a two-headed ogre
  7459 | D:9      | Reached ***** piety under Okawaru
  7540 | D:8      | Noticed Psyche
  7774 | D:8      | Killed Psyche
  7774 | D:8      | Reached skill level 13 in Long Blades
  7774 | D:8      | Reached XP level 11. HP: 72/81 MP: 11/11
  7842 | D:9      | Killed avis's ghost
  8139 | D:9      | Received a gift from Okawaru
  8643 | D:10     | Entered Level 10 of the Dungeon
  8667 | D:10     | Reached skill level 14 in Long Blades
  8830 | D:10     | Noticed a two-headed ogre
  8844 | D:10     | Killed a two-headed ogre
  8883 | D:10     | Noticed Josephine
  9001 | D:10     | Killed Josephine
  9001 | D:10     | Reached ****** piety under Okawaru
  9237 | D:10     | Reached skill level 15 in Long Blades
  9617 | D:10     | Received a gift from Okawaru
  9861 | D:10     | Found a staircase to the Orcish Mines.
 10045 | D:10     | Reached XP level 12. HP: 42/88 MP: 12/12
 10600 | D:11     | Noticed a two-headed ogre
 10604 | D:11     | Killed a two-headed ogre
 10604 | D:11     | Reached skill level 16 in Long Blades
 10810 | D:11     | Noticed a fire dragon
 10831 | D:11     | Killed a fire dragon
 11492 | D:11     | Noticed atlas1's ghost (journeyman SpEE)
 11526 | D:11     | Killed atlas1's ghost
 11863 | D:12     | Noticed an unseen horror
 11879 | D:12     | Killed an unseen horror
 11879 | D:12     | Received a gift from Okawaru
 11882 | D:12     | Got a bloodstained long sword {god gift}
 11899 | D:12     | Paralysed by fainting for 5 turns
 11905 | D:12     | Identified the +1 long sword of the Valley of Death {antimagic, +Blink Dex+6} (Okawaru gifted it to you on level 12 of the Dungeon)
 12156 | D:12     | Reached skill level 17 in Long Blades
 12563 | D:12     | Noticed a two-headed ogre
 12575 | D:12     | Killed a two-headed ogre
 12776 | D:12     | Noticed Rupert
 12817 | D:12     | Killed Rupert
 12824 | D:12     | Reached XP level 13. HP: 14/93 MP: 6/13
 13753 | D:13     | Received a gift from Okawaru
 13753 | D:13     | Reached skill level 18 in Long Blades
 14816 | D:13     | Found a runed door.
 14878 | D:13     | Reached skill level 19 in Long Blades
 14880 | D:13     | HP: 1/93 [deep troll earth mage/blast of rock fragments (18)]
 14920 | D:13     | Got a slimy cloak
 15261 | D:13     | Identified the +1 cloak of Udizxegg {rF+ Int+3} (You found it on level 13 of the Dungeon)
 15740 | D:13     | Received a gift from Okawaru
 15762 | D:13     | Got a scorched chain mail {god gift}
 15892 | D:13     | Identified the +6 chain mail of the Unbroken {Int+2} (Okawaru gifted it to you on level 13 of the Dungeon)
 16080 | D:13     | Reached XP level 14. HP: 75/100 MP: 14/14
 16446 | D:13     | Reached skill level 1 in Dodging
 16570 | D:13     | Found a gate to the Vaults.
 17057 | D:13     | Found an ancient bone altar of Kikubaaqudgha.
 17069 | D:13     | Received a gift from Okawaru
 17072 | D:13     | Got a pair of bloodstained boots {god gift}
 17083 | D:13     | Identified the +0 pair of boots "Vineah" {-Tele +Fly rPois rF-} (Okawaru gifted it to you on level 13 of the Dungeon)
 17431 | D:14     | Reached skill level 20 in Long Blades
 17878 | D:14     | Reached skill level 1 in Invocations
 18713 | D:14     | Found an opulent altar of Gozag.
 19453 | D:13     | Reached skill level 5 in Invocations
 20161 | D:15     | Entered Level 15 of the Dungeon
 20161 | D:15     | Found Liung's Armour Shop.
 20198 | D:15     | Received a gift from Okawaru
 20202 | D:15     | Reached XP level 15. HP: 70/110 MP: 19/19
 20723 | D:15     | HP: 5/110 [meliai/hand axe of freezing (8)]
 20723 | D:15     | Slain by a meliai

Vault maps used:
D:1:      saegor_arrival_miasma
D:2:      first_ration
D:3:      amethyst_overflow_temple_binary, grunt_dithmenos_smoke
D:4:      nicolae_ashenzari_panopticon
D:5:      temple_doors_e, portal_sewer_entry_e
D:6:      basic_altar, minivault_1, minivault_27
D:7:      grunt_temple_overflow_cloverleaf, serial_shops, shop, grunt_livestock,
          kennysheep_crisscross, kennysheep_potato
D:8:      kennysheep_ying_yang, dpeg_oklobed_lair, basic_altar,
          okawaru_metal_pillars_1_2, uniq_psyche
D:9:      basic_altar
D:10:     kennysheep_orc_monster_closet_entryway, uniq_josephine
D:12:     minmay_misc_feat_alley, nrook_guardian_serpent_ordinary, uniq_rupert
D:13:     erik_vaults_2, basic_altar, minivault_13
D:14:     nicolae_gozag_cash_rules_everything_around_me
D:15:     hangedman_depths_entry_try_elsewhere_first,
          hangedman_abyss_or_decor_passed, serial_shops, nicolae_shop_crystal
Temple:   cyrus_circular_temple
Sewer:    sewer_co_cracked_pipes

Skill      XL: |  1  2  3  4  5  6  7  8  9 10 11 12 13 14 15 |
---------------+----------------------------------------------+-----
Shields        | 4 5 6 7 8 |  8.1
Fighting       | 4 5 6 7 |  7.8
Armour         | 4 5 6 7 |  7.8
Long Blades    | 3 4 7 10 13 15 17 19 20 | 20.1
Dodging        | 3 |  3.7
Invocations    | 6 |  6.1

Action                   |  1- 3 |  4- 6 |  7- 9 | 10-12 | 13-15 || total
-------------------------+-------+-------+-------+-------+-------++-------
Melee: Long sword        |   134 |   102 |       |       |       ||   236
       Scimitar          |       |    77 |   249 |   721 |   712 ||  1759
Invok: Heroism           |       |       |       |     8 |     4 ||    12
       Finesse           |       |       |       |     1 |       ||     1
 Abil: Dig               |       |       |     4 |     5 |    10 ||    19
Evoke: Wand              |       |       |       |       |    20 ||    20
  Use: Scroll            |       |       |       |    20 |     1 ||    21
       Potion            |       |       |       |     3 |     3 ||     6
  Eat: Chunk             |     1 |     8 |    10 |    20 |    17 ||    56
       Ration            |       |       |       |     1 |     3 ||     4
Armor: Chain mail        |    80 |    63 |    80 |   195 |   253 ||   671
       Scale mail        |     2 |       |       |       |       ||     2
       Skin              |       |       |       |       |     2 ||     2
Dodge: Dodged            |    40 |    39 |    63 |   115 |   170 ||   427
Block: Shield            |    90 |    74 |   106 |   297 |   166 ||   733
       Large shield      |       |       |       |       |   232 ||   232
       Rpst.: Long sword |    10 |     6 |       |       |       ||    16
       Scimitar          |       |     7 |    19 |    32 |    29 ||    87

Table legend:
 A = Spawn XP
 B = Non-spawn XP
 C = Spawn XP percentage of total XP
 D = Spawn monster count
 E = Non-spawn monster count
 F = Spawn count percentage of total count
 G = Total turns spent on level
                    A         B        C        D         E        F      G
               +---------+---------+-------+---------+---------+-------+---------
         Total |       0 |   75845 |   0.0 |       0 |     456 |   0.0 | 20723
               +---------+---------+-------+---------+---------+-------+---------
           D:1 |       0 |      40 |   0.0 |       0 |      23 |   0.0 |   749
           D:2 |       0 |      42 |   0.0 |       0 |      17 |   0.0 |   797
           D:3 |       0 |     191 |   0.0 |       0 |      24 |   0.0 |   656
           D:4 |       0 |     175 |   0.0 |       0 |      19 |   0.0 |  1208
           D:5 |       0 |     662 |   0.0 |       0 |       5 |   0.0 |  1020
           D:6 |       0 |     935 |   0.0 |       0 |      34 |   0.0 |   674
           D:7 |       0 |    2343 |   0.0 |       0 |      35 |   0.0 |  1054
           D:8 |       0 |    2413 |   0.0 |       0 |      31 |   0.0 |   988
           D:9 |       0 |    2537 |   0.0 |       0 |      15 |   0.0 |   964
          D:10 |       0 |    7068 |   0.0 |       0 |      59 |   0.0 |  1943
          D:11 |       0 |    3636 |   0.0 |       0 |      22 |   0.0 |  1541
          D:12 |       0 |    9525 |   0.0 |       0 |      30 |   0.0 |  2160
          D:13 |       0 |   30092 |   0.0 |       0 |      79 |   0.0 |  3781
          D:14 |       0 |   11207 |   0.0 |       0 |      27 |   0.0 |  2094
          D:15 |       0 |    4909 |   0.0 |       0 |      16 |   0.0 |   550
         Sewer |       0 |      70 |   0.0 |       0 |      20 |   0.0 |   493
               +---------+---------+-------+---------+---------+-------+---------
